cohdb
Replays
Latest Replays
All Replays
Popular Replays
Top Player Replays
Match Explorer
How It Works
Community
CoH3 Stats
Reddit
Sign in to upload your games and track your stats! →
Sign in with Steam
Match 43427556
Unlisted
Match 43427556
Overview
Messages
Build Orders
End
Construct Section Command Post
Royal Engineer Section
Dingo Light Scout Car
Infantry Section
Selects Canadian Shock Battlegroup
Infantry Section
Grenade Package
Selects Attacking Spirit
Selects Canadian Shock Section
Canadian Shock Section
Construct Platoon Command Post
Selects Incendiary Munitions
Unlock M3 Stuart Light Tanks
M3 Stuart Light Tank
M3 Stuart Light Tank
Light Vehicle Training
Unlock Bishop Self-propelled Artillery
Bishop Self-propelled Artillery
Selects Pyrotechnics
6-pounder Anti-tank Gun Team
B1t
SkyCurv
Minimizen
HJT95
soda soda
MILF_Hunter
QWQ
Brucaccio
0
0
Comments
sign in to comment!
No comments posted yet!